 Dungeon Crawl Stone Soup version 0.30-a0-241-g1121274140 (webtiles) character file.

Game seed: 15643927521629322759

643970 nono the Impregnable (level 26, -9/264 HPs)
             Began as an Armataur Fighter on Oct 9, 2022.
             Was the Champion of the Shining One.
             Mangled by a Tzitzimitl (26 damage)
             ... while paralysed by you
             ... in Pandemonium on Oct 10, 2022.
             The game lasted 03:29:37 (53674 turns).

nono the Impregnable (Armataur Fighter)            Turns: 53674, Time: 03:29:39

Health: -9/264     AC: 54    Str: 35    XL:     26   Next: 57%
Magic:  26/37      EV:  1    Int: 15    God:    the Shining One [******]
Gold:   3303       SH:  0    Dex:  4    Spells: 25/25 levels left

rFire   + + +      SeeInvis +    J - +9 sacred scourge (holy)
rCold   + + +      Faith    .    Z - +2 tower shield {reflect}
rNeg    + + +      Spirit   .    q - +12 gold dragon scales
rPois   +          Reflect  +    X - +2 hat
rElec   +          Harm     .    t - scarf {rC+ rF+}
rCorr   +          Roll     +    K - +2 pair of gloves
Will    ++++.                    L - +4 barding of the Poles {Fly rN++ Regen+ Int+4}
Stlth   ..........               w - amulet of the acrobat
HPRegen 1.44/turn                O - ring "Zurphoreu" {Contam rN+ Will++ rCorr SInv}
MPRegen 0.25/turn                N - ring "Nafir" {rElec rF+ rC+ rN+ Str+4 Dex-4}

@: paralysed, agile, about to teleport, flying, glowing, invisible (but backlit
and visible)
A: large, rugged brown scales 3, deformed body, armoured tail, roll, long
tongue, awkward tongue, hooves 1, horns 1, clumsy 1, strong-willed 1, MP-powered
wands
}: 5/15 runes: decaying, serpentine, slimy, silver, abyssal
a: Renounce Religion, Divine Shield, Cleansing Flame, Summon Divine Warrior


You were in Pandemonium.
You worshipped the Shining One.
The Shining One was exalted by your worship.
You visited 12 branches of the dungeon, and saw 51 of its levels.
You visited Pandemonium 1 time, and saw 1 of its levels.
You visited the Abyss 1 time.
You also visited: Ossuary, Gauntlet, Wizlab and Desolation.

You collected 10064 gold pieces.
You spent 6761 gold pieces at shops.

Inventory:

Hand Weapons
 J - a +9 sacred scourge of holy wrath (weapon)
 P - a +3 eveningstar of protection
Missiles
 u - 4 throwing nets (quivered)
Armour
 q - +12 gold dragon scales (worn)
 t - a scarf of resistance (worn)
 K - a +2 pair of gloves (worn)
 L - the +4 barding of the Poles (worn) {Fly rN++ Regen+ Int+4}
   (You acquired it on level 12 of the Dungeon)

   Int:       It affects your intelligence (+4).
   rN:        It greatly protects you from negative energy.
   Fly:       It grants you flight.
   Regen:     It increases your rate of health regeneration.
 X - a +2 hat (worn)
 Z - a +2 tower shield of reflection (worn)
Jewellery
 w - an amulet of the acrobat (around neck)
 z - the ring of Costant {rPois rN+ Will+}
   (You took it off a ragged hierophant in the Desolation of Salt)

   [ring of positive energy]

   rPois:     It protects you from poison.
   rN:        It protects you from negative energy.
   Will:      It increases your willpower.
 F - a ring of protection from fire
 I - the ring of Generosity {rF+ Will+ EV+4 Str+3}
   (You found it on level 3 of the Crypt)

   [ring of evasion]

   EV:        It affects your evasion (+4).
   Str:       It affects your strength (+3).
   rF:        It protects you from fire.
   Will:      It increases your willpower.
 N - the ring "Nafir" (right hand) {rElec rF+ rC+ rN+ Str+4 Dex-4}
   (You found it on level 3 of the Crypt)

   [ring of positive energy]

   Str:       It affects your strength (+4).
   Dex:       It affects your dexterity (-4).
   rF:        It protects you from fire.
   rC:        It protects you from cold.
   rElec:     It insulates you from electricity.
   rN:        It protects you from negative energy.
 O - the ring "Zurphoreu" (left hand) {Contam rN+ Will++ rCorr SInv}
   (You found it on level 3 of the Crypt)

   [ring of positive energy]

   rN:        It protects you from negative energy.
   SInv:      It lets you see invisible.
   Contam:    It causes magical contamination when unequipped.
   rCorr:     It protects you from acid and corrosion.
   Will:      It greatly increases your willpower.
 Q - an amulet of guardian spirit
 S - the amulet of Esoogent {Faith rPois}
   (You took it off a minotaur in a Gauntlet)

   [amulet of faith]

   It allows you to gain divine favour quickly.
   rPois:     It protects you from poison.
 T - the ring "Gucutij" {rC+ Will+}
   (You took it off a deep elf knight on level 3 of the Elven Halls)

   [ring of willpower]

   rC:        It protects you from cold.
   Will:      It increases your willpower.
 V - the ring "Olituaczi" {rC+ Dex+6}
   (You took it off a deep elf annihilator on level 3 of the Elven Halls)

   [ring of dexterity]

   Dex:       It affects your dexterity (+6).
   rC:        It protects you from cold.
 Y - the ring of Fiototaq {rN+ Int+4}
   (You found it on level 3 of the Crypt)

   [ring of positive energy]

   Int:       It affects your intelligence (+4).
   rN:        It protects you from negative energy.
Wands
 v - a wand of digging (4)
 y - a wand of roots (62)
 B - a wand of flame (24)
 D - a wand of mindburst (10)
 E - a wand of light (38)
 G - a wand of paralysis (4)
Scrolls
 b - 4 scrolls of summoning
 c - 39 scrolls of identify
 i - 10 scrolls of amnesia
 m - 11 scrolls of blinking
 o - 4 scrolls of poison
 r - 14 scrolls of teleportation
 s - 11 scrolls of butterflies
 A - 13 scrolls of immolation
 C - 3 scrolls of silence
 H - 2 scrolls of brand weapon
 R - 7 scrolls of magic mapping
 U - 12 scrolls of fear
Potions
 a - 5 potions of magic
 d - 5 potions of cancellation
 e - 2 potions of haste
 f - 8 potions of heal wounds
 g - 9 potions of flight
 h - 8 potions of might
 j - 13 potions of lignification
 k - 4 potions of mutation
 l - 5 potions of brilliance
 n - 4 potions of attraction
 p - 24 potions of curing
 x - 9 potions of ambrosia
 M - 7 potions of berserk rage
 W - 3 potions of resistance


   Skills:
 + Level 22.2 Fighting
 + Level 22.1 Maces & Flails
 + Level 26.4 Armour
 - Level 3.6 Dodging
 + Level 24.5 Shields
 + Level 21.1 Invocations


You had 25 spell levels left.
You didn't know any spells.
Your spell library contained the following spells:

 Spells                   Type           Power      Damage    Failure   Level
 Apportation              Tloc           0%         N/A       82%         1
 Beastly Appendage        Tmut           0%         N/A       82%         1
 Foxfire                  Conj/Fire      0%         2x1d4     82%         1
 Freeze                   Ice            0%         1d3       82%         1
 Kiss of Death            Conj/Necr      0%         2d5       82%         1
 Magic Dart               Conj           0%         1d3       82%         1
 Blink                    Tloc           0%         N/A       91%         2
 Call Imp                 Summ           0%         N/A       91%         2
 Cigotuvi's Dreadful Rot  Necr/Pois/Air  0%         N/A       91%         2
 Ensorcelled Hibernation  Hex/Ice        0%         N/A       91%         2
 Momentum Strike          Conj/Tloc      0%         3d8       91%         2
 Passwall                 Tmut/Erth      0%         N/A       91%         2
 Poisonous Vapours        Pois/Air       0%         N/A       91%         2
 Wereblood                Tmut           0%         N/A       91%         2
 Call Canine Familiar     Summ           0%         N/A       99%         3
 Confusing Touch          Hex            0%         N/A       99%         3
 Dazzling Flash           Conj/Hex       0%         N/A       99%         3
 Frozen Ramparts          Ice            0%         1d1       99%         3
 Gell's Gravitas          Tloc           0%         N/A       99%         3
 Hailstorm                Conj/Ice       0%         3d3       99%         3
 Inner Flame              Hex/Fire       0%         N/A       99%         3
 Mephitic Cloud           Conj/Pois/Air  0%         N/A       99%         3
 Ozocubu's Armour         Ice            0%         N/A       99%         3
 Portal Projectile        Hex/Tloc       0%         N/A       99%         3
 Spider Form              Tmut/Pois      0%         N/A       99%         3
 Teleport Other           Tloc           0%         N/A       99%         3
 Tukima's Dance           Hex            0%         N/A       99%         3
 Anguish                  Hex/Necr       0%         N/A       100%        4
 Cause Fear               Hex            0%         N/A       100%        4
 Dispel Undead            Necr           0%         3d6       100%        4
 Ice Form                 Ice/Tmut       0%         N/A       100%        4
 Iskenderun's Mystic Bla  Conj/Tloc      0%         2d3       100%        4
 Leda's Liquefaction      Hex/Erth       0%         N/A       100%        4
 Manifold Assault         Tloc           0%         N/A       100%        4
 Passage of Golubria      Tloc           0%         N/A       100%        4
 Petrify                  Tmut/Erth      0%         N/A       100%        4
 Sticky Flame             Conj/Fire      0%         2d3       100%        4
 Summon Ice Beast         Ice/Summ       0%         N/A       100%        4
 Summon Lightning Spire   Summ/Air       0%         N/A       100%        4
 Agony                    Necr           0%         N/A       100%        5
 Alistair's Intoxication  Tmut/Pois      0%         N/A       100%        5
 Borgnjor's Vile Clutch   Necr/Erth      0%         N/A       100%        5
 Fireball                 Conj/Fire      0%         3d3       100%        5
 Freezing Cloud           Conj/Ice/Air   0%         6-21      100%        5
 Irradiate                Conj/Tmut      0%         3d11      100%        5
 Metabolic Englaciation   Hex/Ice        0%         N/A       100%        5
 Silence                  Hex/Air        0%         N/A       100%        5
 Summon Forest            Summ/Tloc      0%         N/A       100%        5
 Summon Mana Viper        Hex/Summ       0%         N/A       100%        5
 Dispersal                Tloc           0%         N/A       100%        6
 Eringya's Noxious Bog    Tmut/Pois      0%         N/A       100%        6
 Starburst                Conj/Fire      0%         6d3       100%        6
 Statue Form              Tmut/Erth      0%         N/A       100%        6
 Summon Cactus Giant      Summ           0%         N/A       100%        6
 Enfeeble                 Hex            0%         N/A       100%        7
 Monstrous Menagerie      Summ           0%         N/A       100%        7
 Ozocubu's Refrigeration  Ice            0%         4d7       100%        7
 Spellforged Servitor     Conj/Summ      0%         N/A       100%        7
 Storm Form               Tmut/Air       0%         N/A       100%        7
 Summon Hydra             Summ           0%         N/A       100%        7
 Discord                  Hex            0%         N/A       100%        8
 Lehudib's Crystal Spear  Conj/Erth      0%         10d2      100%        8
 Maxwell's Capacitive Co  Air            0%         ∞         100%        8
 Necromutation            Tmut/Necr      0%         N/A       100%        8


Dungeon Overview and Level Annotations

Branches:
Dungeon (15/15)            Temple (1/1) D:4            Lair (5/5) D:11
  Swamp (4/4) Lair:3        Snake (4/4) Lair:2        Slime (5/5) Lair:5
    Orc (2/2) D:9             Elf (3/3) Orc:2        Vaults (5/5) D:13
  Crypt (3/3) Vaults:3       Tomb (0/3) Crypt:3      Depths (3/4) D:15
   Hell (visited)             Geh (0/7) Hell            Coc (0/7) Hell
    Tar (0/7) Hell        Ossuary (visited)          WizLab (visited)
Desolation (visited)      Gauntlet (visited)
    Dis: Hell:1

Altars:
Ashenzari
Cheibriados
Dithmenos
Elyvilon
Fedhas
Gozag
Hepliaklqana
Kikubaaqudgha
Makhleb
Nemelex Xobeh
Okawaru
Qazlal
Ru
Sif Muna
Trog
Uskayaw
Vehumet
Wu Jian
Xom
Yredelemnul
Zin
The Shining One
Jiyva

Shops:
D:1 ?   D:2 ?   D:5 *   D:9 *   D:11 **   D:13 (   D:15 *   Orc:1 [*
Orc:2 [[*[(:   Elf:1 [(*   Snake:1 [((=   Snake:2 :   Snake:3 *   Snake:4 ([*
Vaults:2 (   Vaults:3 *   Vaults:5 ?!   Depths:1 =::

Portals:
Hell: Depths:1 Depths:2 Depths:3
Abyss: Depths:3
Pandemonium: Depths:2
Ziggurat: Depths:2

Annotations:
D:5 2 transporters, QuickerDeath's ghost, amateur OpHu
Lair:5 exclusion: obsidian statue
Depths:3 1 transporter


Innate Abilities, Weirdness & Mutations

You are completely covered in rugged brown scales. (AC +3, +7% HP)
Armour fits poorly on your strangely shaped body.
You have a long armoured tail.
You roll when moving toward enemies. (Rampage)
Your long tongue fully drains potion bottles. (2x potion effects)
Your tongue gives you trouble enunciating. (1.5x scroll delay)
You have large cloven feet.
You have a pair of small horns on your head.
You are clumsy. (Dex -2)
You are strong-willed. (Will+)
You expend magic power (3 MP) to strengthen your wands.


Message History

The bolt of cold misses your daeva.
The balrug is engulfed in seething chaos.
The balrug flickers and vanishes for a moment.
The balrug gestures at you. Something smites you!
The Tzitzimitl is engulfed in seething chaos.
The Tzitzimitl seems to slow down.
The Tzitzimitl engulfs you but does no damage.
The Tzitzimitl bites you but does no damage.
The Tzitzimitl is no longer moving slowly.
The Ice Fiend is no longer moving quickly.
A hell beast comes into view.
The balrug gestures at you. Something smites you! Yxuzashru gestures at you.
The bolt of energy hits you!!
* * * LOW HITPOINT WARNING * * *
The balrug gestures at you. Something smites you!
* * * LOW HITPOINT WARNING * * *
Your daeva is engulfed in seething chaos.
A sun demon comes into view.
The balrug is engulfed in seething chaos.
The Tzitzimitl is engulfed in seething chaos.
The Tzitzimitl barely misses you.
The Tzitzimitl bites you but does no damage.
The hell beast moves out of view.
A lorocyproca comes into view.
You are engulfed in seething chaos.
The balrug no longer looks unusually strong.
Yxuzashru hits you!!
* * * LOW HITPOINT WARNING * * *
Your daeva convulses!
The sun demon is engulfed in seething chaos.
The sun demon suddenly stops moving!
The balrug is engulfed in seething chaos.
The balrug hits you but does no damage.
The Tzitzimitl is engulfed in seething chaos.
The Tzitzimitl engulfs you!!
You die...

#.###.### .# .#..#....#
.. #. 2.1......##.# #.
..........# # ##.
.22.....####.##..
3####§§§.....##.....##
....A§&12............###
...1.32@................
.........######.# #.#..
.........)..###.####....
....###.###..##.##......
... .∩..........##.)....
.. ###............)....
. #.........##......
...................
...$................


You could see Yxuzashru (clouds), a Tzitzimitl (berserk, fast, agile), a
Brimstone Fiend, an Ice Fiend (invisible, ally target), 2 lorocyprocas, 3
balrugs, 2 sun demons and a friendly daeva (summoned).

Vanquished Creatures
  the Royal Jelly (Slime:5)
  2 dread liches
  An ancient lich (Vaults:5)
  Sojobo (Depths:3)
  Vv (Depths:2)
  Frederick (Vaults:4)
  Vashnia (Snake:3)
  A Head Instructor (WizLab)
  Saint Roka (Orc:2)
  2 golden dragons
  Geryon (Hell)
  5 bone dragons
  Nikola (Swamp:1)
  Mlioglotl (Snake:1)
  4 tentacled monstrosities
  Zenata (Elf:1)
  A hellephant (Abyss:3)
  2 shard shrike skeletons (Crypt:3)
  Jorgrun (D:13)
  3 quicksilver dragons
  A deep elf master archer (Elf:3)
  5 liches
  5 titans (Vaults:5)
  3 deep elf blademasters
  7 tentacled starspawn
  13 acid blobs
  Frances (Elf:1)
  6 sphinxes
  8 ancient champions
  9 tengu reavers
  2 Executioners (Pan)
  2 thorn hunters (Swamp:4)
  Donald (Slime:1)
  A storm dragon (Vaults:5)
  3 revenants
  3 shadow dragons
  Roxanne (Swamp:2)
  2 nagarajas
  6 rockslimes
  8 azure jellies
  6 fire giants
  10 deep elf sorcerers
  2 iron dragons
  A fenstrider witch (Swamp:4)
  A balrug (Depths:2)
  2 draconian knights (WizLab)
  An imperial myrmidon (Desolation)
  18 vault wardens
  A deep elf elementalist (Elf:3)
  2 curse skulls
  5 frost giants
  8 ghouls
  3 juggernaut zombies
  2 orc warlords
  2 ironbound thunderhulks
  3 spriggan defenders
  3 war gargoyles (Crypt:3)
  6 reapers
  13 quicksilver oozes
  34 very ugly things
  An ophan (Abyss:3)
  15 ironbound preservers
  17 stone giants
  A caustic shrike skeleton (Crypt:2)
  2 demonspawn black suns (Pan)
  8 vampire knights
  2 lorocyprocas
  The ghost of Nuduvef the Fighter, a journeyman DjFE of Ashenzari (D:14)
  Nessos (Orc:2)
  8 deep elf annihilators
  3 eleionomae
  16 dire elephants
  A green draconian (Abyss:3)
  9 deep elf demonologists
  A minotaur (Gauntlet)
  2 spark wasps (Depths:3)
  2 halazid warlocks (Desolation)
  Azrael (D:13)
  A purple draconian (Abyss:2)
  5 eidola
  4 bunyips
  2 crystal guardians
  A merfolk javelineer (Abyss:3)
  2 iron golems (Hell)
  4 ettins
  2 blizzard demons
  4 entropy weavers
  6 jiangshi
  7 deep elf death magi
  A mummy priest (Crypt:3)
  Josephine (Lair:4)
  6 deep elf high priests
  2 fire dragons (Depths:2)
  6 ragged hierophants (Desolation)
  19 hydras
  3 hell beasts (Hell)
  4 rakshasas
  34 vault guards
  11 yaktaur captains
  5 ice dragons
  A quicksilver dragon skeleton (Crypt:1)
  3 peacekeepers (Desolation)
  10 great orbs of eyes
  8 spriggan air magi
  6 servants of whispers (Desolation)
  A catoblepas (Lair:2)
  5 salamander tyrants (Snake:4)
  8 ironbound frosthearts
  3 ogre magi
  4 spriggan skeletons
  A death knight (Crypt:1)
  10 anacondas
  3 boulder beetles
  17 centaur warriors
  8 two-headed ogres
  13 alligators
  28 dancing weapons
  9 deep troll shamans
  A ghost crab (Gauntlet)
  An anaconda (shapeshifter) (D:15)
  8 death yaks (Lair:5)
  6 deep troll earth magi
  10 naga warriors
  17 tengu warriors
  3 hell hogs
  8 naga sharpshooters
  8 orc high priests
  19 thrashing horrors
  5 spriggan berserkers
  11 shock serpents
  14 vampire magi
  14 spriggans
  Nergalle (Lair:2)
  5 sun demons
  Sonja (D:10)
  16 deep elf knights
  Amaemon (D:10)
  A titan skeleton (Crypt:3)
  4 soul eaters
  5 goliath frogs
  9 salamander mystics
  A spectral death yak (Lair:5)
  7 wretched stars
  8 iron trolls
  2 storm dragon skeletons
  23 hell knights
  5 shadow wraiths
  A bunyip zombie (Crypt:3)
  2 sixfirhies
  38 skeletal warriors
  9 glowing orange brains
  A spatial maelstrom (Abyss:3)
  12 swamp dragons
  22 ironbound convokers
  61 deep trolls
  A spriggan druid (Swamp:4)
  A spectral anaconda (Lair:5)
  4 flayed ghosts
  An anaconda zombie (Hell)
  10 naga ritualists
  2 quicksilver dragon simulacra (Depths:2)
  24 starcursed masses
  An anaconda skeleton (Hell)
  A shadow demon (Abyss:3)
  5 wizards
  A harpy (Vaults:5)
  14 orc knights
  5 bog bodies
  14 deep elf archers
  39 deep elf pyromancers
  7 lindwurms
  10 phantasmal warriors
  13 necromancers
  23 deep elf zephyrmancers
  23 mana vipers
  A sphinx zombie (Depths:1)
  40 ugly things
  3 orc sorcerers
  3 shining eyes
  A frost giant zombie (Depths:1)
  5 worldbinders
  5 manticores
  11 cyclopes
  A stone giant zombie (Abyss:3)
  3 will-o-the-wisps
  15 salamanders
  Maurice (D:10)
  A frost giant skeleton (Depths:1)
  An iron dragon skeleton (Crypt:2)
  2 centaur zombies
  21 elephants
  2 eyes of devastation
  5 orange demons
  2 apocalypse crabs (Abyss:3)
  23 naga magi
  12 cane toads
  3 molten gargoyles
  16 vault sentinels
  13 guardian serpents
  18 smoke demons
  A torpor snail (Lair:1)
  33 black mambas
  2 centaur skeletons (Crypt:3)
  5 gargoyles
  A dire elephant zombie (Abyss:3)
  An eye of devastation (shapeshifter) (Vaults:5)
  3 ice statues
  2 demonic crawlers
  2 kobold demonologists (D:11)
  An alligator snapping turtle skeleton (Crypt:1)
  A minotaur zombie (Gauntlet)
  4 hellions
  13 komodo dragons
  2 sea snake zombies (Hell)
  5 tengu conjurers
  A yellow draconian zombie (Crypt:2)
  A tormentor (Abyss:3)
  9 ancient zymes
  6 freezing wraiths
  26 yaktaurs
  A white draconian skeleton (Crypt:2)
  3 red devils (Crypt:3)
  A sea snake skeleton (Crypt:1)
  2 hellwings
  2 guardian mummies (Crypt:3)
  8 ice devils
  A death yak skeleton (Crypt:2)
  6 trolls
  3 harpy zombies
  Prince Ribbit (D:6)
  A bloated husk (Swamp:1)
  9 tyrant leeches
  61 saltlings (Desolation)
  13 hornets
  A tarantella (Vaults:4)
  91 slime creatures
  2 raiju (Abyss:2)
  10 blink frogs
  An ettin zombie (Crypt:2)
  A tarantella (shapeshifter) (D:15)
  3 hydra skeletons
  An alligator zombie (Hell)
  2 harpy skeletons
  A guardian serpent skeleton (Crypt:2)
  4 shadows
  2 air elementals (Elf:3)
  A fire dragon skeleton (Crypt:1)
  9 flying skulls
  A spriggan (shapeshifter) (D:15)
  A merfolk skeleton (Crypt:3)
  A culicivora (shapeshifter) (Vaults:5)
  5 vampires
  5 ynoxinuls
  25 large abominations
  A hog (shapeshifter) (Elf:3)
  An ushabti (Crypt:3)
  3 water elementals
  44 yaks
  7 wyverns
  7 fire elementals
  A fire bat (Abyss:3)
  A wyvern (shapeshifter) (Abyss:2)
  19 golden eyes
  15 wraiths
  5 basilisks
  3 redbacks
  2 chaos spawn (Abyss:3)
  3 neqoxecs
  A steam dragon (Lair:1)
  26 vampire mosquitoes
  A harpy simulacrum (D:14)
  A two-headed ogre zombie (Abyss:3)
  17 swamp worms
  A merfolk zombie (Crypt:2)
  A spectral cane toad (Lair:5)
  A hydra simulacrum (Hell)
  33 nagas
  6 wargs
  12 water moccasins
  A swamp worm (shapeshifter) (Elf:2)
  4 acid dragons
  4 hell hounds
  57 orc warriors
  4 swamp drakes (Swamp:4)
  An elephant zombie (Lair:5)
  3 ice beasts
  5 ettin simulacra (Depths:2)
  A lindwurm zombie (Crypt:2)
  A sky beast (D:7)
  5 black bears
  A snapping turtle skeleton (Crypt:1)
  A swamp dragon zombie (Crypt:1)
  4 boggarts (Vaults:3)
  A manticore zombie (Crypt:2)
  6 ogres
  An elephant skeleton (Lair:5)
  18 wolves
  22 centaurs
  3 kobold brigands
  15 small abominations
  A cyclops zombie (Crypt:1)
  A human simulacrum (Depths:1)
  12 bullfrogs
  3 necrophages (Crypt:2)
  A scorpion (D:5)
  2 earth elementals
  A gnoll sergeant (D:10)
  A wyvern skeleton (Crypt:2)
  2 hornet simulacra
  8 wights
  9 killer bees (D:9)
  3 howler monkeys
  3 electric eels
  4 quasits
  A gnoll bouda (D:8)
  2 jellies
  4 hounds
  31 orc priests
  An iron imp (Abyss:2)
  Terence (D:3)
  6 iguanas
  23 orc wizards
  5 hell rats (Hell)
  A boggart skeleton (Crypt:1)
  An ogre skeleton (Crypt:1)
  9 mummies (Crypt:3)
  Robin (D:4)
  29 gnolls
  6 adders
  3 shadow imps (D:7)
  6 white imps
  5 ufetubi
  3 worms
  A dart slug (D:2)
  88 orcs
  11 ball pythons
  7 bats
  4 endoplasms
  3 giant cockroaches
  11 goblins
  7 hobgoblins
  A quokka (D:2)
  3 ball python skeletons (Ossuary)
  6 frilled lizards
  A hobgoblin skeleton (Ossuary)
  A hobgoblin zombie (Ossuary)
  12 kobolds
  A kobold zombie (Ossuary)
  An orc skeleton (Ossuary)
  An orc zombie (Ossuary)
  A rat skeleton (Crypt:2)
  A bush (Abyss:3)
  2 lurking horrors (Abyss:2)
  5 starspawn tentacles
2493 creatures vanquished.

Vanquished Creatures (collateral kills)
  A golden dragon (Vaults:5)
  4 titans (Vaults:5)
  2 acid blobs (Slime:5)
  A thorn hunter (Swamp:4)
  An ancient champion (Hell)
  A shadow dragon (Vaults:5)
  2 storm dragons
  An azure jelly (Slime:5)
  2 rockslimes (Slime:5)
  2 vault wardens
  Aizul (Swamp:3)
  2 imperial myrmidons (Desolation)
  A quicksilver ooze (Slime:5)
  An ironbound preserver (Vaults:4)
  A reaper (Hell)
  A stone giant (Vaults:5)
  2 very ugly things (Vaults:4)
  A deep elf demonologist (Depths:2)
  A vampire knight (WizLab)
  A deep elf death mage (Vaults:5)
  3 iron golems (Hell)
  4 ragged hierophants (Desolation)
  A yaktaur captain (Vaults:5)
  A deep elf high priest (Vaults:5)
  3 vault guards
  2 servants of whispers (Desolation)
  A spriggan air mage (Depths:2)
  2 ogre magi (Vaults:5)
  3 hydras
  An alligator (Swamp:3)
  2 centaur warriors (Vaults:2)
  A tengu warrior (Depths:2)
  2 two-headed ogres (Vaults:5)
  A deep troll earth mage (Vaults:5)
  An orc high priest (Vaults:4)
  2 soul eaters
  A spriggan berserker (Depths:2)
  A hell knight (Hell)
  A wretched star (Abyss:3)
  A crystal echidna (Hell)
  5 deep trolls
  A spriggan druid (Swamp:4)
  A swamp dragon (Swamp:4)
  2 ironbound convokers
  An orc knight (Vaults:5)
  An ugly thing (Vaults:4)
  2 vault sentinels
  A molten gargoyle (Hell)
  A large abomination (Abyss:3)
  An unseen horror (Abyss:3)
  3 hellwings (Pan)
  A yaktaur (Vaults:4)
  A hydra skeleton (Hell)
  3 saltlings (Desolation)
  A tarantella (Vaults:4)
  A raiju (Abyss:3)
  A chaos spawn (Abyss:3)
  A hell hound (Abyss:3)
  2 swamp drakes (Swamp:4)
  3 orc warriors
  2 ogres (Vaults:5)
  A starcursed mass (Abyss:3)
  A hell rat (Hell)
  An ufetubus (Abyss:3)
  5 orcs (Vaults:5)
106 creatures vanquished.

Vanquished Creatures (others)
  Asterion (Snake:3)
  A demonspawn blood saint (Pan)
  A bloated husk (Swamp:1)
  A golden eye (Abyss:3)
  A swamp worm (Swamp:1)
  17 demonic plants
  10 foxfires
  21 fungi
  2 lurking horrors (Abyss:3)
  3 pillars of salt (Desolation)
  49 plants
  16 starspawn tentacles
  58 withered plants
181 creatures vanquished.

Grand Total: 2780 creatures vanquished

Notes
Turn   | Place    | Note
-------+----------+-------------------------------------------
     0 | D:1      | nono the Armataur Fighter began the quest for the Orb.
     0 | D:1      | Reached XP level 1. HP: 19/19 MP: 1/1
   227 | D:1      | Found Toacw's Magic Scroll Emporium.
   512 | D:1      | Reached XP level 2. HP: 26/26 MP: 2/2
   972 | D:2      | Reached skill level 4 in Armour
  1044 | D:2      | Reached XP level 3. HP: 20/33 MP: 3/3
  1355 | D:2      | Found Lechov's Magic Scroll Boutique.
  1636 | D:3      | Identified the +6 leather armour of the Komodo Dragon
                  | {Str+5 Stlth+}
  1687 | D:3      | Found a faded altar of an unknown god.
  1701 | D:3      | Got Plato's Volume of Ignition
  1917 | D:3      | Noticed Terence
  2158 | D:4      | Reached XP level 4. HP: 28/40 MP: 4/4
  2207 | D:4      | Found a broken altar of Ashenzari.
  2265 | D:4      | Noticed Robin
  2293 | D:4      | Reached XP level 5. HP: 13/48 MP: 5/5
  2294 | D:4      | Killed Robin
  2614 | D:4      | Reached skill level 5 in Armour
  2620 | D:4      | Reached XP level 6. HP: 53/55 MP: 6/6
  2747 | D:4      | Found a blossoming altar of Fedhas.
  2797 | D:4      | Found a staircase to the Ecumenical Temple.
  2821 | Temple   | Entered the Ecumenical Temple
  3300 | D:3      | Killed Terence
  3626 | D:5      | Entered Level 5 of the Dungeon
  3640 | D:5      | Found an opulent altar of Gozag.
  3680 | D:5      | Reached skill level 5 in Shields
  3794 | D:5      | Reached XP level 7. HP: 63/63 MP: 7/7
  3871 | D:5      | Found Xierid's Serpentskin Sales.
  3886 | D:5      | Reached skill level 6 in Armour
  3901 | D:5      | Bought a +0 kite shield of poison resistance for 102 gold
                  | pieces
  4183 | D:5      | Reached skill level 5 in Fighting
  4183 | D:5      | Reached XP level 8. HP: 45/72 MP: 8/8
  4318 | D:5      | Found a transporter.
  4324 | D:5      | Noticed QuickerDeath's ghost (amateur OpHu)
  4325 | D:5      | Identified the +3 giant spiked club of Mimusmo {speed, rF+
                  | rC+++ Will- rCorr}
  4342 | D:5      | Found a transporter.
  4569 | D:6      | Found a shadowy altar of Dithmenos.
  5003 | D:6      | Reached skill level 7 in Armour
  5079 | D:6      | Identified the +0 ring mail "Meagufru" {+Inv Regen+ SInv}
  5104 | D:6      | Reached skill level 5 in Maces & Flails
  5331 | D:6      | Noticed Prince Ribbit
  5367 | D:6      | Killed Prince Ribbit
  5917 | D:7      | Found an ornate altar of the Wu Jian Council.
  5917 | D:7      | Found a burning altar of Makhleb.
  5961 | D:7      | Found a shimmering blue altar of Sif Muna.
  6082 | D:7      | Noticed a komodo dragon
  6128 | D:7      | Gained mutation: You are weak. (Str -2) [potion of
                  | mutation]
  6128 | D:7      | Gained mutation: You are partially covered in large bone
                  | plates. (SH +4) [potion of mutation]
  6128 | D:7      | Gained mutation: Your natural rate of healing is unusually
                  | fast. [potion of mutation]
  6128 | D:7      | Gained mutation: You occasionally shout uncontrollably at
                  | your foes. [potion of mutation]
  6128 | D:7      | Lost mutation: You are weak. (Str -2) [potion of mutation]
  6128 | D:7      | Gained mutation: You have a pair of small horns on your
                  | head. [potion of mutation]
  6137 | D:7      | Killed a komodo dragon
  6138 | D:7      | Reached skill level 8 in Armour
  6138 | D:7      | Reached XP level 9. HP: 64/80 MP: 9/9
  6169 | D:7      | Found a sand-covered staircase.
  6213 | D:7      | Found an ancient bone altar of Kikubaaqudgha.
  6247 | Ossuary  | Entered an ossuary
  6577 | D:7      | Reached skill level 9 in Armour
  6614 | D:7      | Found a bloodstained altar of Trog.
  7241 | D:8      | Reached XP level 10. HP: 66/92 MP: 10/10
  7974 | D:9      | Found a staircase to the Orcish Mines.
  8167 | D:9      | Reached skill level 10 in Armour
  8553 | D:9      | Noticed a two-headed ogre
  8568 | D:9      | Killed a two-headed ogre
  8638 | D:9      | Found a hazy altar of Hepliaklqana.
  8791 | D:9      | Found Lezxetz's Assorted Antiques.
  9295 | D:10     | Entered Level 10 of the Dungeon
  9295 | D:10     | Noticed Amaemon
  9295 | D:10     | Noticed an orange demon
  9558 | D:1      | Bought a scroll of blinking for 82 gold pieces
  9558 | D:1      | Bought a scroll of enchant weapon for 82 gold pieces
  9560 | D:1      | Bought a scroll of identify for 22 gold pieces
  9560 | D:1      | Bought a scroll of identify for 22 gold pieces
  9560 | D:1      | Bought a scroll of identify for 22 gold pieces
  9989 | D:10     | Noticed Maurice
  9995 | D:10     | Noticed Sonja
 10030 | D:10     | Reached skill level 10 in Shields
 10030 | D:10     | Reached XP level 11. HP: 71/101 MP: 11/11
 10038 | D:10     | Killed Maurice
 10095 | D:10     | Killed Sonja
 10096 | D:10     | Reached skill level 11 in Armour
 10242 | D:10     | Noticed a two-headed ogre
 10259 | D:11     | Found Juvop's Specific Store.
 10264 | D:11     | Found Caq Irit's General Store.
 10316 | D:11     | HP: 2/101 [vampire (11)]
 10710 | D:10     | Found a radiant altar of Vehumet.
 10710 | D:10     | Found a glowing golden altar of the Shining One.
 10717 | D:10     | Became a worshipper of the Shining One
 10809 | D:10     | Killed a two-headed ogre
 10845 | D:10     | Killed Amaemon
 11240 | D:11     | Found a staircase to the Lair.
 11849 | Lair:1   | Entered Level 1 of the Lair of Beasts
 11849 | Lair:1   | Reached * piety under the Shining One
 11915 | D:12     | Reached skill level 12 in Armour
 11949 | D:12     | Found a gate leading to a gauntlet.
 11957 | Gauntlet | Entered a Gauntlet
 11957 | Gauntlet | Noticed a ghost crab
 11957 | Gauntlet | Found a transporter.
 11957 | Gauntlet | Found a transporter.
 11957 | Gauntlet | Found a transporter.
 11958 | Gauntlet | Found a transporter.
 11961 | Gauntlet | Found a transporter.
 11981 | Gauntlet | Identified the +0 pair of gloves of the Orb Guardian {rC+}
 11986 | Gauntlet | Noticed a quicksilver ooze
 11994 | Gauntlet | Noticed a spectral anaconda
 11998 | Gauntlet | Killed a ghost crab
 12051 | Gauntlet | Found a transporter.
 12057 | Gauntlet | Killed a quicksilver ooze
 12147 | Gauntlet | Found a transporter.
 12147 | Gauntlet | Noticed an oklob plant
 12158 | Gauntlet | Identified the amulet of Esoogent {Faith rPois}
 12158 | Gauntlet | Noticed a minotaur
 12165 | Gauntlet | Killed a minotaur
 12166 | Gauntlet | Reached XP level 12. HP: 112/112 MP: 12/12
 12180 | Gauntlet | Identified the +1 robe of Kinlairi {Dex+5}
 12199 | Gauntlet | Identified a scroll of acquirement
 12206 | D:12     | Acquired the +4 barding of the Poles {Fly rN++ Regen+
                  | Int+4}
 12674 | Lair:1   | Reached skill level 1 in Invocations
 12679 | Lair:1   | Reached skill level 1 in Dodging
 13208 | Lair:2   | Found a staircase to the Snake Pit.
 13218 | Lair:2   | Noticed a catoblepas
 13232 | Lair:2   | Killed a catoblepas
 13389 | Lair:2   | Noticed Nergalle
 13389 | Lair:2   | Reached ** piety under the Shining One
 13914 | Lair:2   | Reached skill level 10 in Fighting
 13914 | Lair:2   | Reached skill level 5 in Invocations
 13972 | Lair:2   | Killed Nergalle
 14276 | Lair:3   | Reached skill level 13 in Armour
 14288 | Lair:3   | Noticed a seven-headed hydra
 14306 | Lair:3   | Killed a seven-headed hydra
 14307 | Lair:3   | Reached XP level 13. HP: 101/120 MP: 17/17
 14322 | Lair:3   | Reached skill level 10 in Maces & Flails
 14511 | Lair:3   | Found a staircase to the Swamp.
 15267 | Lair:4   | Noticed Josephine
 15267 | Lair:4   | Reached *** piety under the Shining One
 15274 | Lair:4   | Killed Josephine
 16036 | Lair:4   | Upgraded the game from 0.30-a0-223-gcb0039aa0c to
                  | 0.30-a0-241-g1121274140
 16070 | Lair:5   | Entered Level 5 of the Lair of Beasts
 16078 | Lair:5   | Found a viscous altar of Jiyva.
 16078 | Lair:5   | Found a staircase to the Slime Pits.
 16457 | Lair:5   | Reached skill level 14 in Armour
 16527 | Lair:5   | Noticed a dire elephant
 16698 | Lair:5   | Found the +4 Cigotuvi's embrace {rMiasma Drain rN+}
 16728 | Lair:5   | Reached **** piety under the Shining One
 16795 | Lair:5   | Reached XP level 14. HP: 123/132 MP: 16/19
 16993 | Lair:5   | Identified the +0 dagger "Riofrepaf" {vorpal, Will+}
 18361 | D:13     | Reached ***** piety under the Shining One
 18470 | D:13     | Noticed Azrael
 18660 | D:13     | Found a gate to the Vaults.
 18759 | D:13     | Reached skill level 15 in Armour
 18950 | D:13     | Killed Azrael
 19106 | D:13     | Noticed Jorgrun
 19133 | D:13     | Killed Jorgrun
 19194 | D:13     | Found Biveavusya's Antique Weapon Boutique.
 19534 | D:13     | Reached XP level 15. HP: 141/141 MP: 21/21
 19888 | D:14     | Found a runed translucent gate.
 19888 | D:14     | Found a runed translucent gate.
 19888 | D:14     | Noticed Nuduvef's ghost (journeyman DjFE)
 19889 | D:14     | Found a runed translucent gate.
 20004 | D:14     | Identified the +11 great sword of Fideubbo {spect, rElec
                  | SInv}
 20083 | D:14     | Killed Nuduvef's ghost
 20214 | D:14     | Identified the +0 chain mail "Beove" {rPois}
 20215 | D:14     | Identified the ring "Itepurch" {Wiz Dex+6 Slay-3}
 20281 | D:15     | Entered Level 15 of the Dungeon
 20311 | D:15     | Found Qits's Antique Artefacts.
 20318 | D:15     | Bought an ebony mace for 280 gold pieces
 20318 | D:15     | Identified the +8 mace "Virenu" {vorpal, +Blink Will- Str+2
                  | Int+4} (You bought it in a shop on level 15 of the Dungeon)
 20329 | D:15     | Bought a heavily runed chain mail for 332 gold pieces
 20329 | D:15     | Identified the +1 chain mail of Fuosant {rElec rCorr Int-3
                  | Dex-2} (You bought it in a shop on level 15 of the Dungeon)
 20890 | D:15     | Found a staircase to the Depths.
 21474 | Orc:1    | Entered Level 1 of the Orcish Mines
 21542 | Orc:1    | Found Iloludde's Antique Armour Emporium.
 21640 | Orc:1    | Found Ixesic's Gadget Gallery.
 21776 | Orc:2    | Entered Level 2 of the Orcish Mines
 21815 | Orc:2    | Found a staircase to the Elven Halls.
 21834 | Orc:2    | Reached skill level 10 in Invocations
 21850 | Orc:2    | Reached skill level 16 in Armour
 22113 | Orc:2    | Found Haet's Armour Shoppe.
 22116 | Orc:2    | Found Reit's Antique Armour Shop.
 22152 | Orc:2    | Bought a runed hat for 252 gold pieces
 22282 | Orc:2    | Noticed Saint Roka
 22282 | Orc:2    | Reached ****** piety under the Shining One
 22339 | Orc:2    | Killed Saint Roka
 22404 | Orc:2    | Noticed Nessos
 22595 | Orc:2    | Killed Nessos
 22596 | Orc:2    | Reached skill level 15 in Shields
 22997 | Orc:2    | Found Kuafeysmai's Armour Emporium.
 22998 | Orc:2    | Found Onkuzim's Weapon Shoppe.
 22998 | Orc:2    | Found Ynyashriytt's Book Emporium.
 22999 | Orc:2    | Found Vuptiw's General Store.
 23016 | Orc:2    | Bought a scroll of magic mapping for 82 gold pieces
 23165 | Orc:1    | Identified a +2 sacred scourge of holy wrath (a +0 demon
                  | whip of venom blessed by the Shining One)
 23165 | Orc:1    | Received a gift from the Shining One
 23396 | Swamp:1  | Entered Level 1 of the Swamp
 23400 | Swamp:1  | Noticed Nikola
 23488 | Swamp:1  | Killed Nikola
 23489 | Swamp:1  | Reached XP level 16. HP: 115/150 MP: 21/23
 23614 | Swamp:1  | Found a snail-covered altar of Cheibriados.
 23762 | Swamp:1  | Acquired 611 gold pieces
 24146 | Swamp:2  | Identified Roxanne's Folio of Forms
 24146 | Swamp:2  | Noticed Roxanne
 24167 | Swamp:2  | Killed Roxanne
 24313 | Swamp:2  | Identified the +7 flail "Maahasus" {vamp, Str+2}
 24926 | Swamp:3  | Reached skill level 17 in Armour
 25391 | Swamp:4  | Entered Level 4 of the Swamp
 25393 | Swamp:4  | Noticed Aizul
 25423 | Swamp:3  | Killed Aizul
 25492 | Swamp:4  | Noticed a thorn hunter
 25506 | Swamp:4  | Killed a thorn hunter
 25511 | Swamp:4  | Noticed a thorn hunter
 25537 | Swamp:4  | Killed a thorn hunter
 25586 | Swamp:4  | Got a decaying rune of Zot
 25660 | Swamp:4  | Noticed a thorn hunter
 25667 | Swamp:4  | Killed a thorn hunter
 25768 | Swamp:4  | Reached XP level 17. HP: 155/161 MP: 25/25
 26121 | Vaults:1 | Entered Level 1 of the Vaults
 26806 | Vaults:1 | Reached skill level 18 in Armour
 27936 | Vaults:2 | Found Tadidau's Antique Weapon Shoppe.
 27990 | Vaults:2 | Reached XP level 18. HP: 108/172 MP: 20/27
 27996 | Vaults:2 | HP: 5/172 [centaur warrior (10)]
 28259 | Vaults:2 | Identified the +11 sling "Eluib" {vorpal, rCorr}
 29072 | Vaults:3 | Found a crumbling gateway.
 29081 | Desolati | Entered the Desolation of Salt
 29156 | Desolati | Reached skill level 15 in Fighting
 29163 | Desolati | Reached skill level 19 in Armour
 29243 | Desolati | Identified the +5 spear of Dishonour {drain, Will+ Str-4
                  | Int+2 Stlth+}
 29245 | Desolati | Identified the +1 leather armour of the Volcano {rElec}
 29394 | Desolati | Identified the ring of Costant {rPois rN+ Will+}
 29516 | Desolati | Got the Precepts of the Ghastly Coals
 29556 | Desolati | Reached skill level 15 in Maces & Flails
 29868 | Desolati | Got the Textbook on Bewitching Shapes
 29874 | Desolati | Got the Spellbook of Terrain and Congelation
 30091 | Vaults:3 | Found Wiapno's Assorted Antiques.
 30094 | Vaults:3 | Bought 2 potions of curing for 234 gold pieces
 30171 | Vaults:3 | Found a staircase to the Crypt.
 30180 | Crypt:1  | Entered Level 1 of the Crypt
 30218 | Crypt:1  | Reached XP level 19. HP: 175/181 MP: 29/29
 31265 | Crypt:2  | Reached skill level 20 in Armour
 32060 | Crypt:3  | Entered Level 3 of the Crypt
 32117 | Crypt:3  | Identified the +3 short sword of Weituh {vamp, *Noise rElec
                  | Dex+7}
 32124 | Crypt:3  | Identified the +4 hand axe of Dismemberment {pain, *Slow
                  | Dex+3 SInv}
 32374 | Crypt:3  | Identified the ring "Nafir" {rElec rF+ rC+ rN+ Str+4 Dex-4}
 32374 | Crypt:3  | Identified the ring of Fiototaq {rN+ Int+4}
 32374 | Crypt:3  | Identified the ring "Zurphoreu" {Contam rN+ Will++ rCorr
                  | SInv}
 32540 | Crypt:3  | Identified the +8 dagger of Makhleb {vorpal, Str+2}
 32653 | Crypt:3  | Found a staircase to the Tomb.
 32707 | Crypt:3  | Reached skill level 15 in Invocations
 32748 | Crypt:3  | Reached XP level 20. HP: 158/192 MP: 31/31
 32756 | Crypt:3  | Noticed a bone dragon
 32772 | Crypt:3  | Killed a bone dragon
 32906 | Crypt:3  | Found an ancient bone altar of Kikubaaqudgha.
 32908 | Crypt:3  | Noticed a dread lich
 32920 | Crypt:3  | Killed a dread lich
 32958 | Crypt:3  | Identified the +5 rapier of Generosity {venom, rC+ Will+
                  | Int+5 Dex-3}
 33340 | Crypt:3  | Identified the ring of Generosity {rF+ Will+ EV+4 Str+3}
 35040 | Vaults:4 | Reached skill level 21 in Armour
 35082 | Vaults:4 | Noticed Frederick
 35098 | Vaults:4 | Killed Frederick
 35483 | Vaults:4 | Acquired a +1 eveningstar of protection
 36100 | Depths:1 | Entered Level 1 of the Depths
 36134 | Depths:1 | Reached XP level 21. HP: 184/203 MP: 32/32
 36316 | Depths:1 | Found a gateway to Hell.
 36652 | Depths:1 | Found Kijypt's Jewellery Emporium.
 36653 | Depths:1 | Found Ykhlanui's Book Boutique.
 36653 | Depths:1 | Found Lollujax's Book Boutique.
 36667 | Depths:1 | Bought a manual of Maces & Flails for 1760 gold pieces
 36941 | Elf:1    | Entered Level 1 of the Elven Halls
 36946 | Elf:1    | Noticed Frances
 36953 | Elf:1    | Killed Frances
 37082 | Elf:1    | Noticed Zenata
 37101 | Elf:1    | Killed Zenata
 37256 | Elf:1    | Found Kigydduj's General Store.
 37256 | Elf:1    | Found Nytoat's Antique Weapon Shoppe.
 37263 | Elf:1    | Found Hagg's Antique Armour Emporium.
 37309 | Elf:1    | Bought a scroll of blinking for 97 gold pieces
 37309 | Elf:1    | Bought +1 gold dragon scales for 1131 gold pieces
 37599 | Elf:1    | Got the Papyrus of the Called Barrage
 38082 | Elf:2    | Found a runed translucent gate.
 38082 | Elf:2    | Found a runed translucent gate.
 38084 | Elf:2    | Found a runed translucent gate.
 38467 | Elf:2    | Reached skill level 22 in Armour
 38784 | Elf:3    | Entered Level 3 of the Elven Halls
 38906 | Elf:3    | Identified the +5 battleaxe "With Two Names" {elec, Int+2}
 39083 | Elf:3    | Reached XP level 22. HP: 215/215 MP: 34/34
 39177 | Elf:3    | Paralysed by an air elemental for 1 turns
 39218 | Elf:3    | Identified the +4 shortbow of World Downfall {flame, MP+9
                  | Int+2}
 39580 | Elf:3    | Found a radiant altar of Vehumet.
 39621 | Elf:3    | Paralysed by an air elemental for 1 turns
 39649 | Elf:3    | Identified the ring "Olituaczi" {rC+ Dex+6}
 39649 | Elf:3    | Identified the +6 mace of the Iron City of Dis {freeze,
                  | rC+}
 39649 | Elf:3    | Identified the ring "Gucutij" {rC+ Will+}
 40077 | Orc:2    | Bought a +2 pair of gloves for 280 gold pieces
 40488 | Depths:2 | Noticed Vv
 40525 | Depths:2 | Killed Vv
 40632 | Depths:2 | Found a broken altar of Ashenzari.
 40715 | Depths:2 | Found a shimmering blue altar of Sif Muna.
 40717 | Depths:2 | Found a one-way gate leading to the halls of Pandemonium.
 40748 | Depths:2 | Identified the +5 quarterstaff of Harmony {vamp, Dex+3}
 40991 | Depths:2 | Found an ancient bone altar of Kikubaaqudgha.
 41234 | Depths:2 | Found a burning altar of Makhleb.
 41236 | Depths:2 | Found a one-way gateway to a ziggurat.
 41383 | Depths:2 | Noticed a golden dragon
 41395 | Depths:2 | Killed a golden dragon
 41396 | Depths:2 | Reached skill level 23 in Armour
 41845 | Depths:3 | Reached XP level 23. HP: 225/225 MP: 35/35
 41955 | Depths:3 | Found a one-way gate to the infinite horrors of the Abyss.
 42016 | Depths:3 | Found a hide-covered altar of Uskayaw.
 42134 | Depths:3 | Found a magical portal.
 42143 | WizLab   | Entered Yara's Duelist Academy
 42236 | WizLab   | Got Yara's Almanac of Fascination
 42254 | WizLab   | Found the +5 demon whip "Spellbinder" {antimagic, Will+}
 42304 | WizLab   | Identified the +0 halberd of the Final Decision {pain,
                  | Will- Str+6 Int+7}
 42376 | WizLab   | Noticed Feapograa
 42393 | WizLab   | Killed Feapograa the Head Instructor
 42653 | WizLab   | Got Yara's Excursus on Hexing
 42836 | Depths:3 | Noticed Sojobo
 42844 | Depths:3 | Paralysed by an air elemental for 1 turns
 42876 | Depths:3 | Killed Sojobo
 42987 | Depths:3 | Found a transporter.
 43027 | Depths:3 | Found a transporter.
 43587 | Snake:1  | Entered Level 1 of the Snake Pit
 44007 | Snake:1  | Found Fovyn's Weapon Boutique.
 44007 | Snake:1  | Found Anahum's Weapon Shop.
 44008 | Snake:1  | Found Fang's Jewellery Boutique.
 44010 | Snake:1  | Found Igrutiul's Armour Shop.
 44332 | Snake:1  | Noticed Mlioglotl
 44343 | Snake:1  | Killed Mlioglotl
 44956 | Snake:2  | Found Asod's Self-Improvement Boutique.
 44964 | Snake:2  | Bought a manual of Fighting for 1280 gold pieces
 46026 | Snake:3  | Found Ynnem's Mass Market.
 46106 | Snake:3  | Noticed Asterion
 46116 | Snake:3  | Killed Asterion
 46247 | Snake:3  | Noticed Vashnia
 46272 | Snake:3  | Killed Vashnia
 46273 | Snake:3  | Reached skill level 24 in Armour
 46342 | Snake:4  | Entered Level 4 of the Snake Pit
 46458 | Snake:4  | Reached XP level 24. HP: 236/236 MP: 36/36
 46672 | Snake:4  | Found Lestrirph's General Store.
 46674 | Snake:4  | Found Huxkuih's Armour Shoppe.
 46677 | Snake:4  | Found Rulimukh's Weapon Shoppe.
 47649 | Snake:4  | Got a serpentine rune of Zot
 47880 | Slime:1  | Entered Level 1 of the Pits of Slime
 47886 | Slime:1  | Noticed Donald
 47922 | Slime:1  | Killed Donald
 48032 | Slime:2  | Gained mutation: You are frail. (-10% HP) [a shining eye]
 48034 | Slime:2  | Gained mutation: You have sharp fingernails. [a shining
                  | eye]
 48249 | Slime:5  | Entered Level 5 of the Pits of Slime
 48351 | Slime:5  | Noticed the Royal Jelly
 48383 | Slime:5  | Found a viscous altar of Jiyva.
 48453 | Slime:5  | Gained mutation: You are very frail. (-20% HP) [a shining
                  | eye]
 48455 | Slime:5  | Found the +8 arc blade {discharge, rElec}
 48461 | Slime:5  | Killed the Royal Jelly
 48551 | Slime:5  | Lost mutation: You have a pair of small horns on your head.
                  | [potion of mutation]
 48551 | Slime:5  | Lost mutation: You are partially covered in large bone
                  | plates. (SH +4) [potion of mutation]
 48551 | Slime:5  | Lost mutation: You have sharp fingernails. [potion of
                  | mutation]
 48551 | Slime:5  | Lost mutation: Your natural rate of healing is unusually
                  | fast. [potion of mutation]
 48551 | Slime:5  | Lost mutation: You are very frail. (-20% HP) [potion of
                  | mutation]
 48551 | Slime:5  | Lost mutation: You occasionally shout uncontrollably at
                  | your foes. [potion of mutation]
 48551 | Slime:5  | Gained mutation: You have hidden genetic defects. [potion
                  | of mutation]
 48551 | Slime:5  | Gained mutation: Your muscles are strong. (Str +4, Int/Dex
                  | -1) [potion of mutation]
 48551 | Slime:5  | Gained mutation: You have a pair of small antennae on your
                  | head. [potion of mutation]
 48551 | Slime:5  | Gained mutation: You have large cloven feet. [potion of
                  | mutation]
 48552 | Slime:5  | Lost mutation: You have large cloven feet. [potion of
                  | mutation]
 48552 | Slime:5  | Lost mutation: You have hidden genetic defects. [potion of
                  | mutation]
 48552 | Slime:5  | Lost mutation: You have a pair of small antennae on your
                  | head. [potion of mutation]
 48552 | Slime:5  | Lost mutation: Your muscles are strong. (Str +4, Int/Dex
                  | -1) [potion of mutation]
 48552 | Slime:5  | Lost mutation: You are frail. (-10% HP) [potion of
                  | mutation]
 48552 | Slime:5  | Gained mutation: You sometimes lose your temper in combat.
                  | [potion of mutation]
 48552 | Slime:5  | Gained mutation: Your flesh is cold resistant. (rC+)
                  | [potion of mutation]
 48552 | Slime:5  | Gained mutation: You are partially covered in iridescent
                  | scales. (AC +2) [potion of mutation]
 48552 | Slime:5  | Gained mutation: You passively dampen the noise of your
                  | surroundings. [potion of mutation]
 48552 | Slime:5  | Gained mutation: You are strong-willed. (Will+) [potion of
                  | mutation]
 48552 | Slime:5  | Gained mutation: You are resistant to electric shocks.
                  | (rElec) [potion of mutation]
 48552 | Slime:5  | Gained mutation: Your flesh is very cold resistant. (rC++)
                  | [potion of mutation]
 48553 | Slime:5  | Lost mutation: You are resistant to electric shocks.
                  | (rElec) [potion of mutation]
 48553 | Slime:5  | Lost mutation: You passively dampen the noise of your
                  | surroundings. [potion of mutation]
 48553 | Slime:5  | Lost mutation: You sometimes lose your temper in combat.
                  | [potion of mutation]
 48553 | Slime:5  | Lost mutation: You are partially covered in iridescent
                  | scales. (AC +2) [potion of mutation]
 48553 | Slime:5  | Lost mutation: You are strong-willed. (Will+) [potion of
                  | mutation]
 48553 | Slime:5  | Lost mutation: Your flesh is very cold resistant. (rC++)
                  | [potion of mutation]
 48553 | Slime:5  | Gained mutation: Your spells are a little harder to cast,
                  | but a little more powerful. [potion of mutation]
 48553 | Slime:5  | Gained mutation: Your muscles are strong. (Str +4, Int/Dex
                  | -1) [potion of mutation]
 48553 | Slime:5  | Gained mutation: You occasionally lose the ability to drink
                  | potions when taking damage. [potion of mutation]
 48553 | Slime:5  | Gained mutation: You possess an exceptional clarity of
                  | mind. [potion of mutation]
 48553 | Slime:5  | Gained mutation: You sometimes lose the ability to drink
                  | potions when taking damage. [potion of mutation]
 48553 | Slime:5  | Gained mutation: You have a pair of small horns on your
                  | head. [potion of mutation]
 48554 | Slime:5  | Lost mutation: You have a pair of small horns on your head.
                  | [potion of mutation]
 48554 | Slime:5  | Lost mutation: Your muscles are strong. (Str +4, Int/Dex
                  | -1) [potion of mutation]
 48554 | Slime:5  | Lost mutation: You possess an exceptional clarity of mind.
                  | [potion of mutation]
 48554 | Slime:5  | Lost mutation: Your spells are a little harder to cast, but
                  | a little more powerful. [potion of mutation]
 48554 | Slime:5  | Gained mutation: You are dopey. (Int -2) [potion of
                  | mutation]
 48554 | Slime:5  | Gained mutation: You passively dampen the noise of your
                  | surroundings. [potion of mutation]
 48554 | Slime:5  | Gained mutation: Your tail ends in a venomous barb. [potion
                  | of mutation]
 48554 | Slime:5  | Lost mutation: You are dopey. (Int -2) [potion of mutation]
 48554 | Slime:5  | Gained mutation: You are resistant to electric shocks.
                  | (rElec) [potion of mutation]
 48555 | Slime:5  | Lost mutation: Your tail ends in a venomous barb. [potion
                  | of mutation]
 48555 | Slime:5  | Lost mutation: You passively dampen the noise of your
                  | surroundings. [potion of mutation]
 48555 | Slime:5  | Lost mutation: You sometimes lose the ability to drink
                  | potions when taking damage. [potion of mutation]
 48555 | Slime:5  | Lost mutation: You occasionally lose the ability to drink
                  | potions when taking damage. [potion of mutation]
 48555 | Slime:5  | Gained mutation: You are vulnerable to heat. (rF-) [potion
                  | of mutation]
 48555 | Slime:5  | Gained mutation: You have sharp fingernails. [potion of
                  | mutation]
 48556 | Slime:5  | Lost mutation: You have sharp fingernails. [potion of
                  | mutation]
 48556 | Slime:5  | Lost mutation: You are resistant to electric shocks.
                  | (rElec) [potion of mutation]
 48556 | Slime:5  | Lost mutation: You are vulnerable to heat. (rF-) [potion of
                  | mutation]
 48556 | Slime:5  | Lost mutation: Your flesh is cold resistant. (rC+) [potion
                  | of mutation]
 48556 | Slime:5  | Gained mutation: You have hidden genetic potential. [potion
                  | of mutation]
 48556 | Slime:5  | Gained mutation: You have sharp toenails. [potion of
                  | mutation]
 48556 | Slime:5  | Gained mutation: You expend magic power (3 MP) to
                  | strengthen your wands. [potion of mutation]
 48556 | Slime:5  | Gained mutation: You have a pair of small antennae on your
                  | head. [potion of mutation]
 48556 | Slime:5  | Gained mutation: You occasionally lose the ability to drink
                  | potions when taking damage. [potion of mutation]
 48556 | Slime:5  | Gained mutation: You have razor-sharp toenails. [potion of
                  | mutation]
 48557 | Slime:5  | Lost mutation: You expend magic power (3 MP) to strengthen
                  | your wands. [potion of mutation]
 48557 | Slime:5  | Lost mutation: You have razor-sharp toenails. [potion of
                  | mutation]
 48557 | Slime:5  | Lost mutation: You have sharp toenails. [potion of
                  | mutation]
 48557 | Slime:5  | Lost mutation: You have a pair of small antennae on your
                  | head. [potion of mutation]
 48557 | Slime:5  | Lost mutation: You occasionally lose the ability to drink
                  | potions when taking damage. [potion of mutation]
 48557 | Slime:5  | Lost mutation: You have hidden genetic potential. [potion
                  | of mutation]
 48557 | Slime:5  | Gained mutation: You are strong-willed. (Will+) [potion of
                  | mutation]
 48557 | Slime:5  | Gained mutation: You have a pair of small horns on your
                  | head. [potion of mutation]
 48557 | Slime:5  | Gained mutation: You are clumsy. (Dex -2) [potion of
                  | mutation]
 48557 | Slime:5  | Gained mutation: You have large cloven feet. [potion of
                  | mutation]
 48557 | Slime:5  | Gained mutation: You expend magic power (3 MP) to
                  | strengthen your wands. [potion of mutation]
 48571 | Slime:5  | Identified the +1 fire dragon scales "Gicory" {-Cast rF++
                  | rC- Will+++ rCorr Str-2}
 48605 | Slime:5  | Acquired 628 gold pieces
 48622 | Slime:5  | Got a slimy rune of Zot
 48643 | Slime:5  | Identified the +1 robe of Rotation {rF+ Int+3}
 48673 | Slime:5  | Identified the ring "Geeskure" {rC+ Will+ Dex+7 Slay+2}
 49014 | Vaults:3 | Bought a potion of mutation for 312 gold pieces
 49111 | Vaults:5 | Entered Level 5 of the Vaults
 49225 | Vaults:5 | Reached XP level 25. HP: 250/250 MP: 36/36
 49230 | Vaults:5 | Reached skill level 25 in Armour
 49314 | Vaults:5 | Got a silver rune of Zot
 49400 | Vaults:5 | Noticed an ancient lich
 49412 | Vaults:5 | Killed an ancient lich
 49484 | Vaults:5 | Got Sif Muna's Vellum of Combat Magic
 49547 | Vaults:5 | Identified the +7 halberd "Tasseumi" {spect, Str+4 Dex+3}
 49875 | Vaults:5 | Found Sumor's Magic Scroll Emporium.
 49880 | Vaults:5 | Bought a scroll of teleportation for 54 gold pieces
 49880 | Vaults:5 | Bought a scroll of enchant armour for 135 gold pieces
 49969 | Vaults:5 | Found Ganepryr's Distillery.
 49973 | Vaults:5 | Bought a potion of berserk rage for 50 gold pieces
 49973 | Vaults:5 | Bought a potion of berserk rage for 50 gold pieces
 49973 | Vaults:5 | Bought a potion of resistance for 100 gold pieces
 50217 | Vaults:5 | Identified the +2 leather armour of Gallantry {-Tele Harm
                  | rElec Will++}
 50400 | Vaults:5 | Identified the +11 scimitar "Xaong" {flame, rN++}
 50762 | Hell     | Entered the Vestibule of Hell
 50762 | Hell     | Noticed Geryon
 50779 | Hell     | Killed Geryon
 50896 | Hell     | Found a gateway to the freezing wastes of Cocytus.
 51121 | Hell     | Found a gateway to the decaying netherworld of Tartarus.
 51285 | Hell     | Found a gateway to the ashen valley of Gehenna.
 51387 | Depths:3 | Voluntarily entered the Abyss.
 51537 | Abyss:2  | Found a corrupted altar of Lugonu.
 51909 | Abyss:2  | Reached XP level 26. HP: 263/263 MP: 37/37
 52137 | Abyss:2  | Reached skill level 26 in Armour
 52723 | Abyss:3  | Found a radiant altar of Vehumet.
 52840 | Abyss:3  | Noticed a dread lich
 52844 | Abyss:3  | Killed a dread lich
 53385 | Abyss:3  | Found a corrupted altar of Lugonu.
 53420 | Abyss:3  | Got an abyssal rune of Zot
 53450 | Abyss:3  | Found a corrupted altar of Lugonu.
 53496 | Depths:3 | Escaped the Abyss
 53596 | Pan      | Entered Pandemonium
 53661 | Pan      | Noticed Yxuzashru the pandemonium lord
 53672 | Pan      | Paralysed by you for 4 turns
 53674 | Pan      | Mangled by a Tzitzimitl

Illustrated notes

Levels and vault maps discovered:
D:1:      mrwooster_arrival_statue_2, layout_basic, serial_shops,
          nicolae_shop_advertising_works [nicolae_subvault_shop_adworks],
          patterned_corridor
D:2:      kennysheep_six_static_rooms, layout_basic, serial_shops,
          nicolae_square_shop, minmay_shallow_snake_nest
D:3:      layout_loops_cross, shapermc_ecumenical_altar_rom_forum,
          kennysheep_cross_bottleneck, uniq_terence
D:4:      layout_loops_ring, mainiacjoe_overflow_concentric_impassable,
          ashenzari_altar_1, minmay_temple_entry_antechambers, uniq_robin
D:5:      layout_cave_pools, mainiacjoe_overflow_brackets,
          gammafunk_ghost_smash, corexii_checkpoint_a, guppyfry_shop_venom
D:6:      layout_cave_pods, grunt_dithmenos_smoke, kennysheep_generic_room_10,
          uniq_prince_ribbit1
D:7:      layout_basic, gammafunk_temple_overflow_wave, kennysheep_mini_moat,
          lemuel_round_altar, general_overflow_altar, enter_ossuary_2,
          serial_demonic, serial_demonic_c, serial_demonic_e, serial_demonic_e,
          serial_demonic_f, serial_demonic_e, serial_demonic_c,
          serial_demonic_d, enter_bailey_2, minmay_lizard_king
D:8:      layout_layer_cave
D:9:      layout_basic, worldfamousw_hep_ancestral_shrine, serial_shops,
          nicolae_shop_hallway_plus, minivault_14
D:10:     layout_basic, amethyst_overflow_temple_binary, uniq_amaemon,
          uniq_sonja, uniq_maurice
D:11:     layout_irregular_city, erik_lair_orcish_takeover, serial_column_ruins,
          column_ruins_columns_straight, column_ruins_grid_1,
          column_ruins_grid_1, column_ruins_open_small,
          column_ruins_open_medium, nicolae_specific_store
D:12:     layout_irregular_city, gauntlet_entry_generic, serial_column_ruins,
          column_ruins_hut, column_ruins_hut, column_ruins_grid_4,
          column_ruins_open_medium, column_ruins_grid_4
D:13:     layout_loops_corners, erik_vaults_1, serial_shops, shop, uniq_jorgrun,
          uniq_azrael
D:14:     layout_rooms, serial_park_square2, biasface_ghost_orc_armoury,
          fountainhead
D:15:     gammafunk_enter_depths_forms, layout_basic, nicolae_antique_artefacts
Temple:   nicolae_temple_bog_church
Lair:1:   layout_small_grid, beast_lair_carwin_7
Lair:2:   layout_gridlike, minmay_snake_entry_six_corridors, uniq_nergalle
Lair:3:   layout_regular_city, swamp_mist, minivault_24, grunt_megastairs_5,
          serial_bayou_shore_b, lemuel_fruit_fields
Lair:4:   layout_loops_ring, st_stairs_9, minivault_27, serial_bayou_crossing,
          serial_bayou_shore_b, uniq_josephine
Lair:5:   due_jungle_book, layout_cellular_growth, slime_entry_1,
          serial_bayou_shore_a
Swamp:1:  layout_falls_marsh, lemuel_altar_in_water,
          cheibrodos_swamp_pet_leeches, uniq_nikola
Swamp:2:  layout_falls_marsh, evilmike_swamp_ruin_house_2, uniq_roxanne
Swamp:3:  layout_basic_swamp, serial_swamp_ruin, evilmike_swamp_ruin_house_3,
          evilmike_swamp_ruin_rubble_1, evilmike_swamp_ruin_house_1,
          nicolae_swamp_triple_paths, infiniplex_staircase_pool
Swamp:4:  swamp, layout_basic_swamp, uniq_aizul
Snake:1:  layout_chambers, minmay_shoptagon, serial_bayou_shore_b,
          grunt_megastairs_1, uniq_mlioglotl
Snake:2:  layout_basic, nicolae_shop_self_help
Snake:3:  layout_misc_corridors, minmay_shop_mass, uniq_vashnia, uniq_asterion
Snake:4:  snake_pit_salamanders_mu, layout_chambers,
          nicolae_snake_serpentine_bazaar, grunt_megastairs_3,
          serial_bayou_shore_b
Slime:1:  layout_caves, uniq_donald
Slime:2:  layout_caves
Slime:3:  layout_caves
Slime:4:  layout_caves
Slime:5
Orc:1:    layout_caves, serial_shops, nicolae_shop_crystal, nicolae_shop_gadgets
Orc:2:    st_orc_pillars, layout_diamond_mine, serial_shops, shop, shop,
          basic_altar, uniq_nessos, uniq_saint_roka
Elf:1:    eino_elf_arrival_shootout, layout_gridlike, minmay_elf_sorcery,
          nicolae_elf_glass_and_crystal_pillar_1, minmay_shop_star,
          uniq_frances, uniq_zenata
Elf:2:    elven_hall_of_blades_hangedman_original [nicolae_blade_lattice],
          layout_geoelf_octagon, serial_sigils_hangedman_shear
Elf:3:    minmay_elf_hall_quartered_circle, layout_loops_cross,
          david_defended_altar_elf
Vaults:1: v_misc_14, v_misc_8, v_rooms_6, nicolae_vaults_angled_halls,
          nicolae_vaults_meeting, v_misc_1, ontoclasm_vaults_fault,
          vaults_room_fours, nicolae_vaults_stairing_the_circle,
          hangedman_vaults_nodes, vaults_room_door_hall,
          vaults_dpeg_emergency_exit, vaults_dpeg_doors, vaults_room_pool,
          ontoclasm_vaults_shuriken, layout_vaults_maze_bifur
Vaults:2: hangedman_vaults_stitches, ontoclasm_vaults_chip,
          grunt_vaults_hallway_long, nicolae_vaults_shelves_hall,
          layout_vaults_omnigrid, serial_shops, nicolae_shop_stone
Vaults:3: portal_desolation_entry_ruin, v_misc_29, hangedman_vaults_nails,
          nicolae_vaults_hallways_thing, vaults_room_pools, v_misc_23,
          minmay_crypt_entry_vampire_xt, nicolae_vaults_yaktaur_gun_rack,
          v_misc_10, v_misc_17, layout_vaults_omnibox, serial_shops,
          nicolae_shop_behind_doors
Vaults:4: ontoclasm_vaults_chip, ontoclasm_vaults_eye, hangedman_vaults_stagger,
          hangedman_vaults_locks, v_misc_28, vaults_standard_mumra_x,
          vaults_room_large_hall, nicolae_vaults_rhombus_5,
          vaults_dpeg_encased_lava, special_room_vaults [special_room_orc],
          nicolae_vaults_specimen_jars, nicolae_vaults_little_squares_5,
          ontoclasm_vaults_ring_square, layout_vaults_ring, uniq_frederick
Vaults:5: serial_shops
Crypt:1:  layout_gridlike, tombwall_bobbens
Crypt:2:  layout_basic, serial_corexii_hall, corexii_hall_statues_x,
          chequers_hall_statues_wall_a, grunt_megastairs_2
Crypt:3:  quadcrypt_mu
Depths:1: layout_cave_shapes, serial_glass, glass_columns_c, glass_columns_b,
          hell_entry, kennysheep_generic_room_5, minmay_shop_grove
Depths:2: grunt_profane_halls [grunt_profane_temple_tar,
          grunt_profane_temple_geh, grunt_profane_temple_coc,
          grunt_profane_temple_dis, grunt_profane_loot], pan_entry, hell_entry,
          uniq_vv
Depths:3: gammafunk_its_a_trap, layout_gridlike, hell_entry, mu_enter_wizlab_3,
          abyss_entry, dancing_weapons_uskayaw, uniq_sojobo
Hell
Pan:      regret_index_pan_draining_boxed, layout_rooms

Skill      XL: |  1  2  3  4  5  6  7  8  9 10 11 12 13 14 15 16 17 18 19 20 21 22 23 24 25 26 |
---------------+-------------------------------------------------------------------------------+-----
Maces & Flails | 2 3 4 5 6 8 9 10 11 12 13 14 15 16 18 19 20 21 22 | 22.1
Fighting       | 3 4 5 6 7 8 9 10 11 12 13 14 15 16 17 18 19 20 21 22 | 22.2
Armour         | 4 5 6 8 9 10 12 13 14 15 16 17 18 19 20 21 22 23 24 25 26 | 26.4
Shields        | 4 5 6 7 8 10 11 12 13 14 15 16 17 18 19 20 21 22 23 24 | 24.5
Invocations    | 5 7 9 10 11 12 14 15 16 17 18 19 20 21 | 21.1
Dodging        | 3 |  3.6

Action                   |  1- 3 |  4- 6 |  7- 9 | 10-12 | 13-15 | 16-18 | 19-21 | 22-24 | 25-27 || total
-------------------------+-------+-------+-------+-------+-------+-------+-------+-------+-------++-------
Melee: Flail             |   131 |   114 |   431 |   823 |  1899 |       |       |       |       ||  3398
       Tailslap          |    15 |    21 |    52 |   150 |   478 |   359 |   506 |   567 |   336 ||  2484
       Unarmed           |       |       |     4 |       |       |       |       |       |       ||     4
       Headbutt          |       |       |    25 |   210 |   672 |   547 |   629 |   829 |   456 ||  3368
       Mace              |       |       |       |    64 |       |       |       |       |       ||    64
       Sacred scourge    |       |       |       |       |    40 |  1465 |  1925 |  2359 |  1156 ||  6945
       Punch             |       |       |       |       |       |     1 |       |       |       ||     1
       Kick              |       |       |       |       |       |       |       |    47 |   713 ||   760
Invok: Divine Shield     |       |       |       |       |    21 |    20 |    10 |    19 |     3 ||    73
       Cleansing Flame   |       |       |       |       |     1 |     1 |     2 |     7 |     2 ||    13
       Brand Weapon With |       |       |       |       |     1 |       |       |       |       ||     1
       Summon Divine War |       |       |       |       |       |     6 |     1 |     6 |     5 ||    18
Evoke: Wand              |       |       |       |    11 |       |       |       |       |       ||    11
  Use: Potion            |       |     1 |     6 |     9 |     5 |     8 |       |    13 |       ||    42
       Scroll            |       |     3 |     8 |    18 |    11 |    11 |    11 |    10 |     4 ||    76
 Stab: Sleeping          |     1 |     2 |     4 |       |       |       |       |       |       ||     7
       Distracted        |       |     1 |       |       |       |       |       |       |       ||     1
       Invisible         |       |       |     2 |       |       |       |       |       |       ||     2
       Paralysed         |       |       |       |     1 |       |       |       |       |       ||     1
Armor: Scale mail        |    69 |       |       |       |       |       |       |       |       ||    69
       Leather armour    |    11 |    71 |   254 |   553 |   705 |       |       |       |       ||  1594
       Skin              |       |       |     3 |       |       |       |       |       |       ||     3
       Chain mail        |       |       |       |       |   456 |   612 |   199 |       |       ||  1267
       Plate armour      |       |       |       |       |       |       |   305 |       |       ||   305
       Gold dragon scale |       |       |       |       |       |       |    86 |  1091 |   337 ||  1514
Dodge: Dodged            |    35 |    47 |   210 |   324 |   426 |   161 |   206 |   223 |    84 ||  1716
Block: Buckler           |    20 |    25 |    15 |       |       |       |       |       |       ||    60
       Kite shield       |       |       |   252 |   862 |  1911 |  1213 |  1033 |    43 |       ||  5314
       Tower shield      |       |       |       |       |       |    94 |       |  2593 |   691 ||  3378
       Other             |       |       |       |       |       |     3 |       |       |       ||     3
       Reflection        |       |       |       |       |       |     1 |       |   103 |    24 ||   128

Table legend: (Time is in decaauts)
 A = Elapsed time spent in this place.
 B = Non-inter-level travel time spent in this place.
 C = Inter-level travel time spent in this place.
 D = Time resting spent in this place.
 E = Time spent auto-exploring this place.
 F = Levels seen in this place.
 G = Mean time per level.
                   A        B        C        D        E       F      G
               +--------+--------+--------+--------+--------+-----+--------+
         Total |  50797 |  45268 |   5529 |    915 |  28881 |  59 |  861.0 |
       Dungeon |  16657 |  14264 |   2393 |    310 |   9822 |  15 | 1110.5 |
        Temple |    258 |    142 |    116 |      0 |    126 |   1 |  258.0 |
          Lair |   5598 |   5015 |    583 |    160 |   3399 |   5 | 1119.6 |
         Swamp |   2331 |   2218 |    113 |      0 |   1584 |   4 |  582.8 |
     Snake Pit |   3929 |   3606 |    323 |      0 |   2892 |   4 |  982.2 |
    Slime Pits |    671 |    618 |     53 |     33 |      0 |   5 |  134.2 |
  Orcish Mines |   1890 |   1462 |    428 |     70 |    729 |   2 |  945.0 |
   Elven Halls |   2763 |   2554 |    209 |      0 |   1628 |   3 |  921.0 |
        Vaults |   6619 |   5835 |    784 |     66 |   3976 |   5 | 1323.8 |
         Crypt |   3066 |   2940 |    126 |      0 |   2111 |   3 | 1022.0 |
        Depths |   2711 |   2331 |    380 |      0 |   1190 |   3 |  903.7 |
          Hell |    458 |    442 |     16 |      0 |    176 |   1 |  458.0 |
         Abyss |   1868 |   1868 |      0 |     24 |    702 |   3 |  622.7 |
   Pandemonium |     64 |     64 |      0 |      0 |     10 |   1 |   64.0 |
       Ossuary |    301 |    301 |      0 |      0 |    178 |   1 |  301.0 |
        Wizlab |    526 |    526 |      0 |      0 |    245 |   1 |  526.0 |
    Desolation |    824 |    824 |      0 |    128 |    111 |   1 |  824.0 |
      Gauntlet |    256 |    256 |      0 |    123 |      0 |   1 |  256.0 |
               +--------+--------+--------+--------+--------+-----+--------+

Top non-repeatable levels by time:
     D:9: 1871 daAuts
   Orc:2: 1490 daAuts
Vaults:3: 1437 daAuts
    D:13: 1428 daAuts
Vaults:1: 1356 daAuts
Vaults:2: 1355 daAuts
  Lair:5: 1336 daAuts
 Crypt:3: 1317 daAuts
    D:15: 1292 daAuts
Vaults:5: 1273 daAuts
     D:6: 1255 daAuts
 Snake:4: 1219 daAuts
 Snake:1: 1215 daAuts
    D:11: 1202 daAuts
Vaults:4: 1197 daAuts
